 Dungeon Crawl Stone Soup version 0.31-a0-331-geda263fcf1 (webtiles) character file.

Game seed: 8686550713695704424

191 Newt the Trooper (level 5, 0/44 HPs)
             Began as a Barachi Fighter on July 19, 2023.
             Slain by a gnoll
             ... wielding a +0 halberd
              (10 damage)
             ... on level 3 of the Dungeon.
             The game lasted 00:02:26 (2467 turns).

Newt the Trooper (Barachi Fighter)                  Turns: 2467, Time: 00:02:27

Health: 0/44       AC:  9    Str: 18    XL:     5   Next: 70%
Magic:  5/5        EV: 10    Int:  8    God:
Gold:   5          SH:  4    Dex: 13    Spells: 4/4 levels left

rFire   . . .        e - +2 dagger (venom)
rCold   . . .        c - +0 buckler
rNeg    . . .        b - +0 scale mail
rPois   .            (no helmet)
rElec   .            d - +1 cloak
rCorr   .            (no gloves)
SInv    .            (no boots)
Will    .....        g - amulet of magic regeneration Stlth
                     (no ring)
HPRegen 0.27/turn    (no ring)
MPRegen 0.49/turn

%: no passive effects
@: slow
A: amphibious, slowness 1, strong legs 1, +LOS
a: Hop


You were on level 3 of the Dungeon.
You visited 1 branch of the dungeon, and saw 3 of its levels.

You collected 239 gold pieces.
You spent 234 gold pieces at shops.

Inventory:

Hand Weapons
 a - a +0 long sword
 e - a +2 dagger of venom (weapon)
Missiles
 k - 4 silver javelins
Armour
 b - a +0 scale mail (worn)
 c - a +0 buckler (worn)
 d - a +1 cloak (worn)
Jewellery
 g - an amulet of magic regeneration (around neck)
Scrolls
 l - a scroll of teleportation
 m - a scroll of immolation
 n - a scroll of vulnerability
 o - a scroll of fog
 q - a scroll of enchant armour
Potions
 f - 2 potions of curing
 h - a potion of degeneration
 i - a potion of brilliance
 j - a potion of heal wounds


   Skills:
 - Level 5.0 Fighting
 - Level 3.6(4.0) Short Blades
 - Level 2.4(3.5) Long Blades
 - Level 3.6 Armour
 + Level 2.9 Dodging
 - Level 3.2 Shields


You had 4 spell levels left.
You didn't know any spells.
Your spell library contained the following spells:

 Spells                   Type           Power      Damage    Failure   Level
 Lesser Beckoning         Tloc           0%         N/A       95%         2
 Wereblood                Tmut           0%         N/A       95%         2
 Call Canine Familiar     Summ           0%         N/A       99%         3
 Gell's Gravitas          Tloc           0%         N/A       99%         3
 Portal Projectile        Hex/Tloc       0%         N/A       99%         3
 Teleport Other           Tloc           0%         N/A       99%         3
 Leda's Liquefaction      Hex/Erth       0%         N/A       100%        4
 Irradiate                Conj/Tmut      0%         3d11      100%        5


Dungeon Overview and Level Annotations

Branches:
Dungeon (3/15)

Altars:

Shops:
D:3 !??


Innate Abilities, Weirdness & Mutations

You are amphibious.
You cover ground slowly.
You can hop short distances.
You have an extended range of vision and can be seen from far away.


Message History

The gnoll hits you but does no damage.
You hit the gnoll but do no damage.
The gnoll is poisoned.
The gnoll is moderately wounded.
The gnoll hits you with a +3 rapier. The gnoll closely misses you.
You closely miss the gnoll.
The gnoll is moderately wounded.
The gnoll hits you with a +3 rapier.
The gnoll hits you from afar with a +0 halberd!
There are monsters nearby!
There are monsters nearby!
You hit the gnoll.
The gnoll looks as sick as possible!
The gnoll is heavily wounded.
You hit the gnoll but do no damage.
The gnoll looks as sick as possible!
The gnoll is heavily wounded.
The gnoll hits you with a +3 rapier. The gnoll barely misses you.
The gnoll hits you with a +0 flail!
* * * LOW HITPOINT WARNING * * *
The gnoll hits you with a +0 flail.
* * * LOW HITPOINT WARNING * * *
You kill the gnoll!
The gnoll closely misses you. The gnoll barely misses you.
The gnoll closely misses you. The gnoll barely misses you.
You completely miss the gnoll. You block the gnoll's attack. x2
You hit the gnoll.
The gnoll is moderately wounded.
The gnoll barely misses you. The gnoll closely misses you.
You hit the gnoll.
The gnoll is poisoned.
The gnoll is moderately wounded.
You hit the gnoll.
The gnoll is moderately wounded.
The gnoll misses you. The gnoll hits you but does no damage.
You completely miss the gnoll.
The gnoll is moderately wounded.
You block the gnoll's attack. The gnoll hits you but does no damage.
You hit the gnoll but do no damage.
The gnoll looks as sick as possible!
The gnoll is heavily wounded.
The gnoll hits you but does no damage.
The gnoll hits you from afar with a +0 halberd!
You die...

###+### #.....# #.....#
#.....# ##.....# #######
########......####g)...#
#######
.....).'......'†@gg....+
.......
########......####.....#
####.## ###
####................... .....
..#
#........###########......###
#.# #........# ... +.. ..#
#........# .. ### ..#
#........# ..# #........# ..#
#........#


You could see 3 gnolls.

Vanquished Creatures
  Crazy Yiuf (D:2)
  Jessica (D:2)
  A gnoll (D:3)
  5 adders
  2 worms (D:2)
  A dart slug (D:2)
  3 orcs (D:3)
  4 bats
  6 endoplasms
  5 giant cockroaches
  5 goblins
  8 hobgoblins
  2 jackals (D:2)
  3 quokkas
  4 ball pythons
  6 frilled lizards
  3 kobolds
  11 rats
71 creatures vanquished.

Notes
Turn   | Place    | Note
-------+----------+-------------------------------------------
     0 | D:1      | Newt the Barachi Fighter began the quest for the Orb.
     0 | D:1      | Reached XP level 1. HP: 18/18 MP: 1/1
    78 | D:1      | Reached skill level 4 in Fighting
   106 | D:1      | Reached XP level 2. HP: 15/25 MP: 2/2
   882 | D:2      | Reached skill level 5 in Fighting
   882 | D:2      | Reached XP level 3. HP: 32/33 MP: 3/3
   900 | D:2      | Found a faded altar of an unknown god.
   960 | D:2      | Reached skill level 1 in Short Blades
  1252 | D:2      | Reached XP level 4. HP: 35/39 MP: 4/4
  1277 | D:2      | Noticed Jessica
  1287 | D:2      | Killed Jessica
  1794 | D:2      | Found a runed translucent door.
  1795 | D:2      | Noticed Crazy Yiuf
  1805 | D:2      | Killed Crazy Yiuf
  1806 | D:2      | Reached skill level 1 in Dodging
  1806 | D:2      | Reached XP level 5. HP: 44/44 MP: 5/5
  2114 | D:3      | Found Afuasis's Magic Scroll Emporium.
  2127 | D:3      | Bought a scroll of identify for 22 gold pieces
  2127 | D:3      | Bought a scroll of teleportation for 33 gold pieces
  2127 | D:3      | Bought a scroll of immolation for 44 gold pieces
  2337 | D:3      | Found Esasecze's Magic Scroll Emporium.
  2339 | D:3      | Found Leymmoam's Distillery.
  2358 | D:3      | Bought a scroll of identify for 20 gold pieces
  2358 | D:3      | Bought a scroll of identify for 20 gold pieces
  2358 | D:3      | Bought a scroll of identify for 20 gold pieces
  2358 | D:3      | Bought a scroll of enchant armour for 75 gold pieces
  2467 | D:3      | Slain by a gnoll

Illustrated notes

Levels and vault maps discovered:
D:1:      wheals_arrival_linesprint, layout_basic
D:2:      layout_loops_ring, shapermc_ecumenical_altar_venn,
          uniq_crazy_yiuf_cottage, uniq_jessica
D:3:      layout_basic, serial_shops, nicolae_shop_tiny_real_fake_doors,
          nicolae_shop_stone, nicolae_shop_behind_doors, shop

Skill      XL: |  1  2  3  4  5 |
---------------+----------------+-----
Fighting       | 4 5 |  5.0
Short Blades   | 2 3 |  3.6
Dodging        | 1 2 |  2.9
Long Blades    | |  2.4
Armour         | |  3.6
Shields        | |  3.2

Action                     |  1- 3 |  4- 6 || total
---------------------------+-------+-------++-------
  Melee: Long sword        |    22 |       ||    22
         Dagger            |    89 |   118 ||   207
    Use: Scroll            |       |     7 ||     7
         Potion            |       |     1 ||     1
 Armour: Scale mail        |    35 |    37 ||    72
  Dodge: Dodged            |    46 |    55 ||   101
  Block: Buckler           |    22 |    23 ||    45

Table legend: (Time is in decaauts)
 A = Elapsed time spent in this place.
 B = Non-inter-level travel time spent in this place.
 C = Inter-level travel time spent in this place.
 D = Time resting spent in this place.
 E = Time spent auto-exploring this place.
 F = Levels seen in this place.
 G = Mean time per level.
                   A        B        C        D        E       F      G
               +--------+--------+--------+--------+--------+-----+--------+
         Total |   2791 |   2624 |    167 |    177 |   1975 |   3 |  930.3 |
       Dungeon |   2791 |   2624 |    167 |    177 |   1975 |   3 |  930.3 |
               +--------+--------+--------+--------+--------+-----+--------+

Top non-repeatable levels by time:
     D:2: 1261 daAuts
     D:1: 1019 daAuts
     D:3: 510 daAuts
